 Dungeon Sprint DCSS version 0.31.0-12-g77e489cdc1 (webtiles) character file.

Game seed: 17593194632894332116

10171 Heoruswealwe the Ninja (level 11, -8/62 HPs)
             Began as a Spriggan Artificer on Feb 12, 2024.
             Was an Initiate of Gozag.
             Mangled by a demonic crawler (18 damage)
             ... in the Dungeon (Sprint I: "Red Sonja").
             The game lasted 00:29:32 (1413 turns).

Heoruswealwe the Ninja (Spriggan Artificer)         Turns: 1413, Time: 00:29:35

Health: -8/62      AC:  3    Str:  8    XL:     11   Next: 32%
Magic:  12/12      EV: 33    Int: 11    God:    Gozag
Gold:   162        SH:  0    Dex: 25    Spells: 10/10 levels left

rFire   . . .        a - +3 dagger
rCold   . . .        (no shield)
rNeg    . . .        s - +0 robe of Lies {rPois Int-3 SInv}
rPois   +            g - +1 hat {SInv}
rElec   .            (no cloak)
rCorr   .            (gloves unavailable)
SInv    +            (boots unavailable)
Will    +....        (no amulet)
Stlth   ++++++++++   k - +6 ring of dexterity
HPRegen 0.30/turn    (no ring)
MPRegen 0.13/turn

%: no teleportation
@: gold aura, very quick
A: very small, no large weapons, unfitting armour, see invisible, speed 3
a: Renounce Religion, Potion Petition, Call Merchant, Bribe Branch


You were in the Dungeon.
You worshipped Gozag.
Gozag was aware of your devotion.
You visited 1 branch You collected 3409 gold pieces.
You spent 3237 gold pieces at shops.
You donated 10 gold pieces to Zin.

Inventory:

Hand Weapons
 a - a +3 dagger (weapon)
 m - a +0 dagger of speed
Armour
 c - the +1 robe of Xyoplifu {rElec rN+ Str-3 Archmagi}
   (You found it in the Dungeon)

   Str-3:     It affects your strength (-3).
   rElec:     It insulates you from electricity.
   rN+:       It protects you from negative energy.
   Archmagi:  It increases the power of your magical spells.
 g - a +1 hat of see invisible (worn)
 s - the +0 robe of Lies (worn) {rPois Int-3 SInv}
   (You bought it in a shop in the Dungeon)

   Int-3:     It affects your intelligence (-3).
   rPois:     It protects you from poison SInv: It lets you see invisible.
Jewellery
 k - a +6 ring of dexterity (left hand)
Wands
 b - a wand of flame (1) (quivered)
 d - a wand of charming (15)
 l - a wand of light (7)
Scrolls
 n - 2 scrolls of blinking
 o - 10 scrolls of identify
 p - a scroll of enchant weapon
Potions
 f - 10 potions of curing
 h - 2 potions of haste
 q - a potion of enlightenment
 w - 8 potions of heal wounds
 A - a potion of resistance


   Skills:
 + Level 9.3 Fighting
 + Level 12.0 Short Blades
 + Level 5.5 Armour
 + Level 14.4 Dodging
 O Level 27 Stealth
 + Level 10.6 Evocations


You had 10 spell levels left.
You didn't know any spells.
Your spell library contained the following spells:

 Spells                   Type           Power      Damage    Failure   Level
 Olgreb's Toxic Radiance  Alch           0%         N/A       98%         4
 Ozocubu's Refrigeration  Ice            0%         4d7       100%        7
 Discord                  Hex            0%         N/A       100%        8


Dungeon Overview and Level Annotations

Branches:
Dungeon (1/1)

Altars:
Cheibriados
Dithmenos
Elyvilon
Fedhas
Gozag
Hepliaklqana
Kikubaaqudgha
Makhleb
Nemelex Xobeh
Okawaru
Qazlal
Ru
Sif Muna
Trog
Uskayaw
Vehumet
Wu Jian
Xom
Yredelemnul
Zin
The Shining One
Jiyva
Lugonu

Shops:
D ((:[*[*!=[[[===([*[


Innate Abilities, Weirdness & Mutations

You are very small and have problems with some larger weapons.
You are too small for most types of armour.
You have supernaturally acute eyesight. (SInv)
You cover ground extremely quickly. (Speed+++)


Message History

The iceblast engulfs the demonic crawler!!
The demonic crawler is heavily wounded.
The demonic crawler gives a hideous shriek!
Aiming: Iceblast
Press: ? - help, Shift-Dir - straight line, f - demonic crawler
Aim: a demonic crawler (lightly wounded, wandering, blind, unable to see you, hasn't noticed you)
The mass of ice explodes!
The iceblast engulfs the demonic crawler!!
You kill the demonic crawler!
The iceblast engulfs the demonic crawler!!
The demonic crawler is severely wounded.
The iceblast engulfs the demonic crawler!!
The demonic crawler is heavily wounded.
The iceblast engulfs the demonic crawler!
The demonic crawler is severely wounded.
The now-empty wand crumbles to dust.
The demonic crawler is no longer blind.
Your Short Blades skill increases to level 12!
Aiming: Bolt of Light
Press: ? - help, Shift-Dir - straight line, f - demonic crawler, p - demonic crawler
Aim: a demonic crawler (moderately wounded, wandering, blind, unable to see you, hasn't noticed you, 89% to hit)
The bolt of light hits the demonic crawler!!
The demonic crawler is severely wounded.
The bolt of light hits the demonic crawler!
The demonic crawler is severely wounded.
The demonic crawler is blinded.
The demonic crawler gives a hideous shriek! x2
The demonic crawler is no longer blind.
Aiming: Bolt of Light
Press: ? - help, Shift-Dir - straight line, f/p - demonic crawler
Aim: a demonic crawler (severely wounded, wandering, blind, unable to see you, hasn't noticed you, 89% to hit)
The bolt of light misses the demonic crawler.
The bolt of light hits the demonic crawler!
The demonic crawler is severely wounded.
The demonic crawler is blinded.
The demonic crawler is no longer blind.
The demonic crawler completely misses you.
The demonic crawler misses you. x3; The demonic crawler hits you!
* * * LOW HITPOINT WARNING * * *
The demonic crawler hits you!!
You die...
Your body crumbles into a pile of gold.

######################***********
..').#.['..#__#.@sss)#,,*,,,,+,,,
..#..'..#..'..'..#...##+#,****,,,
####'#####'#__####)..'..#,*,***,,
###..#...#.####§[#####..+,*+*,***
__####..##.#§~~§)#..#*+##**,,,*,*
_____##'#_.+§~~§§§..#,,,,,*,,,***
_.∩...'..._#§~~.)#..#,,,,,+,,,,,*
_..__##_.#'##+#####'###,,,*,,,,,*
_____###'#)#))..###.'.#,,,***++**


You could see 3 demonic crawlers.

Vanquished Creatures
  2 centaur warriors (D)
  A demonic crawler (D)
  Sonja (D)
  A deep troll (D)
  An oklob plant (D)
  8 shining eyes (D)
  2 unseen horrors (D)
  2 kobold demonologists (D)
  A hornet (D)
  6 glass eyes (D)
  A slime creature (D)
  Sigmund (D)
  A yak (D)
  2 redbacks (D)
  An ogre (D)
  7 necrophages (D)
  8 jellies (D)
  Ijyb (D)
  2 ballistomycete spores (D)
49 creatures vanquished.

Notes
Turn   | Place    | Note
-------+----------+-------------------------------------------
     0 | D        | Heoruswealwe the Spriggan Artificer began the quest for the
                  | Orb.
     0 | D        | Reached XP level 1. HP: 9/9 MP: 2/2
     1 | D        | Noticed Ijyb
     4 | D        | Killed Ijyb
     5 | D        | Reached skill level 9 in Stealth
     5 | D        | Reached XP level 2. HP: 14/14 MP: 3/3
    15 | D        | Noticed an ogre
    21 | D        | Killed an ogre
    22 | D        | Reached skill level 14 in Stealth
    22 | D        | Reached XP level 3. HP: 17/17 MP: 4/4
    22 | D        | Reached XP level 4. HP: 21/21 MP: 5/5
    27 | D        | Noticed Sigmund
    30 | D        | Killed Sigmund
    31 | D        | Reached skill level 18 in Stealth
    31 | D        | Reached XP level 5. HP: 25/25 MP: 6/6
    31 | D        | Reached XP level 6. HP: 29/29 MP: 7/7
    57 | D        | Found a shimmering blue altar of Sif Muna.
    58 | D        | Found an ornate altar of the Wu Jian Council.
    59 | D        | Found a radiant altar of Vehumet.
    77 | D        | Reached skill level 19 in Stealth
    91 | D        | Found Zuomyvou's Book Emporium.
    91 | D        | Found an ancient bone altar of Kikubaaqudgha.
    91 | D        | Found a hazy altar of Hepliaklqana.
    91 | D        | Found a stormy altar of Qazlal.
    91 | D        | Found a hide-covered altar of Uskayaw.
    91 | D        | Found a blossoming altar of Fedhas.
    91 | D        | Found a bloodstained altar of Trog.
    91 | D        | Found an iron altar of Okawaru.
    91 | D        | Found a basalt altar of Yredelemnul.
    91 | D        | Found a glowing golden altar of the Shining One.
    91 | D        | Found a snail-covered altar of Cheibriados.
    91 | D        | Found a sacrificial altar of Ru.
    91 | D        | Found a glowing silver altar of Zin.
    91 | D        | Found a shadowy altar of Dithmenos.
    91 | D        | Found a white marble altar of Elyvilon.
    91 | D        | Noticed a yak
    92 | D        | Found an opulent altar of Gozag.
    93 | D        | Killed a yak
    94 | D        | Reached skill level 21 in Stealth
    94 | D        | Found a sparkling altar of Nemelex Xobeh.
    99 | D        | Became a worshipper of Zin the Law-Giver
    99 | D        | Reached * piety under Zin
   111 | D        | Reached ** piety under Zin
   111 | D        | Reached *** piety under Zin
   111 | D        | Reached **** piety under Zin
   113 | D        | Reached ***** piety under Zin
   113 | D        | Reached ****** piety under Zin
   161 | D        | Noticed Sonja
   165 | D        | Killed Sonja
   166 | D        | Reached skill level 25 in Stealth
   166 | D        | Reached XP level 7. HP: 32/32 MP: 8/8
   178 | D        | Found Merohebu's Antique Weapon Boutique.
   188 | D        | Noticed a glass eye
   188 | D        | Noticed a shining eye
   188 | D        | Noticed a shining eye
   188 | D        | Noticed a glass eye
   188 | D        | Noticed a shining eye
   188 | D        | Noticed a shining eye
   188 | D        | Noticed a shining eye
   188 | D        | Noticed a shining eye
   189 | D        | Noticed a glass eye
   190 | D        | Killed a glass eye
   191 | D        | Reached skill level 1 in Fighting
   191 | D        | Reached XP level 8. HP: 39/39 MP: 9/9
   191 | D        | Noticed a shining eye
   191 | D        | Noticed a shining eye
   192 | D        | Noticed a glass eye
   201 | D        | Killed a shining eye
   202 | D        | Killed a shining eye
   203 | D        | Reached skill level 5 in Short Blades
   241 | D        | Killed a glass eye
   242 | D        | Reached skill level 26 in Stealth
   242 | D        | Reached XP level 9. HP: 46/46 MP: 10/10
   266 | D        | Killed a shining eye
   267 | D        | Reached skill level 5 in Fighting
   291 | D        | Killed a shining eye
   360 | D        | Killed a shining eye
   361 | D        | Reached skill level 10 in Dodging
   387 | D        | Killed a shining eye
   388 | D        | Reached skill level 27 in Stealth
   431 | D        | Killed a shining eye
   432 | D        | Reached skill level 1 in Armour
   432 | D        | Reached XP level 10. HP: 55/55 MP: 11/11
   458 | D        | Reached skill level 5 in Evocations
   497 | D        | Killed a shining eye
   515 | D        | Fell from the grace of Zin
   515 | D        | Became a worshipper of Gozag Ym Sagoz the Greedy
   543 | D        | Noticed a deep troll
   547 | D        | Killed a deep troll
   558 | D        | Found Fiatea's Armour Emporium.
   604 | D        | Identified the +1 robe of Xyoplifu {rElec rN+ Str-3
                  | Archmagi}
   644 | D        | Found Citeim's Magic Scroll Shoppe.
   644 | D        | Found Elodel's Antique Armour Shop.
   644 | D        | Found Lix Iriw's Antique Weapon Emporium.
   644 | D        | Found Saf Qetyut's General Store.
   648 | D        | Bought a scroll of revelation for 97 gold pieces
   684 | D        | Noticed a centaur warrior
   685 | D        | Noticed a centaur warrior
   688 | D        | Killed a centaur warrior
   689 | D        | Reached skill level 10 in Short Blades
   689 | D        | Killed a centaur warrior
   723 | D        | Noticed an oklob plant
   833 | D        | Killed an oklob plant
   882 | D        | Reached XP level 11. HP: 60/60 MP: 12/12
   976 | D        | Reached skill level 5 in Armour
  1022 | D        | Found Guozizoh's Assorted Antiques.
  1022 | D        | Found Faphaeh Sipo's Armour Shop.
  1022 | D        | Found Vuov's Distillery.
  1028 | D        | Found Odysch's Armour Boutique.
  1028 | D        | Found Ihalinethay's Distillery.
  1028 | D        | Found Rehorph's Assorted Antiques.
  1030 | D        | Found Wewuowk's Antique Weapon Boutique.
  1030 | D        | Found Cegoadea's Jewellery Shoppe.
  1030 | D        | Found Koaxoimo's Jewellery Shop.
  1030 | D        | Found Nefoareof's Jewellery Emporium.
  1030 | D        | Found Wastros's Antique Armour Boutique.
  1030 | D        | Found Kyoper's Armour Shoppe.
  1030 | D        | Found Ganna's Armour Shop.
  1034 | D        | Bought a glowing dagger for 110 gold pieces
  1034 | D        | Bought a potion of curing for 66 gold pieces
  1034 | D        | Bought an encrusted golden ring for 110 gold pieces
  1034 | D        | Bought a scroll labelled WUHI HEUTZEISH for 22 gold pieces
  1034 | D        | Bought a scroll labelled HAMIED BAITOKIK for 22 gold pieces
  1034 | D        | Found Yrras's Jewellery Emporium.
  1044 | D        | Bought a scroll labelled WUHI HEUTZEISH for 29 gold pieces
  1044 | D        | Bought a glowing amethyst potion for 26 gold pieces
  1044 | D        | Bought a bloodstained short sword for 232 gold pieces
  1044 | D        | Identified the +9 short sword of Irksome Fortitude
                  | {protect, Int+4 Stlth-} (You bought it in a shop in the
                  | Dungeon)
  1044 | D        | Bought a wand of light (3) for 365 gold pieces
  1044 | D        | Bought 2 potions of curing for 174 gold pieces
  1044 | D        | Bought a scroll of blinking for 217 gold pieces
  1045 | D        | Bought the +0 robe of Lies {rPois Int-3 SInv} for 117 gold
                  | pieces
  1093 | D        | Found a burning altar of Makhleb.
  1093 | D        | Found a viscous altar of Jiyva.
  1093 | D        | Found a shimmering altar of Xom.
  1093 | D        | Found a corrupted altar of Lugonu.
  1165 | D        | Bought a scroll of torment for 123 gold pieces
  1165 | D        | Bought a scroll of identify for 26 gold pieces
  1165 | D        | Bought a scroll of identify for 26 gold pieces
  1165 | D        | Bought a scroll of identify for 26 gold pieces
  1165 | D        | Bought a scroll of amnesia for 52 gold pieces
  1165 | D        | Bought a scroll of identify for 26 gold pieces
  1165 | D        | Bought a scroll of identify for 26 gold pieces
  1178 | D        | Bought 3 scrolls of identify for 84 gold pieces
  1178 | D        | Bought a scroll of fear for 56 gold pieces
  1178 | D        | Bought a scroll of identify for 28 gold pieces
  1178 | D        | Bought a scroll of identify for 28 gold pieces
  1208 | D        | Bought a +1 hat of see invisible for 160 gold pieces
  1262 | D        | Bought a potion of attraction for 42 gold pieces
  1262 | D        | Bought a potion of haste for 140 gold pieces
  1262 | D        | Bought a potion of heal wounds for 70 gold pieces
  1262 | D        | Bought a potion of degeneration for 14 gold pieces
  1262 | D        | Bought a potion of curing for 42 gold pieces
  1262 | D        | Bought a potion of lignification for 42 gold pieces
  1262 | D        | Bought a potion of heal wounds for 70 gold pieces
  1262 | D        | Bought a potion of resistance for 140 gold pieces
  1262 | D        | Bought a potion of might for 56 gold pieces
  1274 | D        | Bought a potion of heal wounds for 70 gold pieces
  1274 | D        | Bought a potion of curing for 42 gold pieces
  1274 | D        | Bought a potion of heal wounds for 70 gold pieces
  1274 | D        | Bought 2 potions of curing for 84 gold pieces
  1277 | D        | Bought an embroidered robe for 107 gold pieces
  1385 | D        | Reached skill level 10 in Evocations
  1398 | D        | Noticed a demonic crawler
  1398 | D        | Noticed a demonic crawler
  1398 | D        | Noticed a demonic crawler
  1398 | D        | Noticed a demonic crawler
  1411 | D        | Killed a demonic crawler
  1413 | D        | Mangled by a demonic crawler

Illustrated notes

Levels and vault maps discovered:
D:        dungeon_sprint_1 [red_sonja_temple_1, red_sonja_temple_small_1]

Skill      XL: |  1  2  3  4  5  6  7  8  9 10 11 |
---------------+----------------------------------+-----
Stealth        | 9 14 18 25 26 27 | 27.0
Fighting       | 1 4 7 8 9 |  9.3
Short Blades   | 2 5 9 11 12 | 12.0
Dodging        | 4 8 11 13 14 | 14.4
Armour         | 1 4 5 |  5.5
Evocations     | 9 10 | 10.6

Action                     |  1- 3 |  4- 6 |  7- 9 | 10-12 || total
---------------------------+-------+-------+-------+-------++-------
  Melee: Dagger            |     1 |     3 |   222 |   130 ||   356
         Punch             |       |       |     5 |     1 ||     6
  Evoke: Wand              |     3 |     4 |       |    23 ||    30
    Use: Scroll            |       |       |       |     3 ||     3
   Stab: Sleeping          |     1 |     3 |     3 |    18 ||    25
         Distracted        |       |       |       |     3 ||     3
 Armour: Robe              |       |     1 |       |    12 ||    13
  Dodge: Dodged            |     1 |     1 |       |    41 ||    43
